 Dungeon Crawl Stone Soup version 0.17-a0-2220-g6fea741 (webtiles) character file.

2291 kosy22 the Ducker (level 9, 0/85 HPs)
             Began as a Troll Fighter on Oct 28, 2015.
             Was a Priest of Elyvilon.
             Slain by Erica
             ... wielding a +0 scimitar of flaming
              (2 damage)
             ... on level 8 of the Dungeon.
             The game lasted 00:18:45 (6957 turns).

kosy22 the Ducker (Troll Fighter)                   Turns: 6957, Time: 00:18:45

Health: 0/85       AC:  9    Str: 34    XL:     9   Next: 17%
Magic:  0/17       EV: 10    Int:  4    God:    Elyvilon [***...]
Gold:   403        SH: 10    Dex:  9    Spells: 0 memorised, 8 levels left

rFire  . . .     SeeInvis .       - Unarmed
rCold  . . .     Clarity  .     a - +2 robe
rNeg   . . .     SustAt   .     b - +0 shield
rPois  .         Gourm    +     (helmet restricted)
rElec  .         Spirit   +     v - +1 cloak
rCorr  .         Warding  .     (gloves unavailable)
rMut   .         Stasis   .     (boots unavailable)
MR     .....                    n - amulet of guardian spirit
Stlth  +.........               (no ring)
                                e - ring of magical power

@: mighty, lethally poisoned (0 -> 0), not resistant to hostile enchantments,
very unstealthy
A: unfitting armour, claws 3, fast metabolism 3, gourmand, regeneration 2,
shaggy fur 1, tough skin 2
a: Lesser Healing, Divine Protection, Heal Other, Purification, Renounce
Religion


You were on level 8 of the Dungeon.
You worshipped Elyvilon.
Elyvilon was most pleased with you.
You were not hungry.

You visited 1 branch of the dungeon, and saw 8 of its levels.

You collected 403 gold pieces.

Inventory:

Hand Weapons
 H - a +0 giant club
Missiles
 l - 12 tomahawks (quivered)
 s - 3 needles of confusion
 w - 11 poisoned needles
 E - 4 curare-tipped needles
Armour
 a - a +2 robe (worn)
 b - a +0 shield (worn)
 v - a +1 cloak (worn)
 z - a +0 cloak
Jewellery
 e - a ring of magical power (left claw)
 m - an uncursed amulet of the gourmand
 n - an amulet of guardian spirit (around neck)
 A - a cursed ring of teleportation {unknown}
Wands
 u - a wand of magic darts (18)
 x - a wand of teleportation (1)
Scrolls
 d - a scroll of amnesia
 j - 6 scrolls of remove curse
 p - a scroll of fog {unknown}
 y - 2 scrolls of magic mapping
 B - a scroll of teleportation
 D - 4 scrolls of identify
 F - a scroll of acquirement {unknown}
 G - a scroll of enchant weapon
Potions
 c - a potion of might
 q - a potion of heal wounds {unknown}
 r - a potion of berserk rage {unknown}
 t - a potion of haste {unknown}
Books
 g - a Young Poisoner's Handbook

   Spells                             Type                      Level
   a - Sting                          Conjuration/Poison           1
   b - Cure Poison                    Poison                       2
   c - Mephitic Cloud                 Conjuration/Poison/Air       3
   d - Olgreb's Toxic Radiance        Poison                       4
   e - Venom Bolt                     Conjuration/Poison           5
 I - a book of the Earth

   Spells                             Type                      Level
   a - Leda's Liquefaction            Hexes/Earth                  4
   b - Bolt of Magma                  Conjuration/Fire/Earth       5
   c - Statue Form                    Transmutation/Earth          6
   d - Iron Shot                      Conjuration/Earth            6
   e - Shatter                        Earth                        9
Comestibles
 f - 3 meat rations
 i - 5 bread rations
 o - 2 fruits
 C - 8 beef jerkies


   Skills:
 + Level 4.7 Fighting
 + Level 2.2 Throwing
 + Level 6.8 Dodging
 + Level 0.7 Stealth
 + Level 5.3 Shields
 + Level 5.4 Unarmed Combat


You had 8 spell levels left.
You didn't know any spells.

Dungeon Overview and Level Annotations

Branches:
Dungeon (8/15)             Temple (0/1) D:5
   Lair: D:8-11

Altars:
Ashenzari
Dithmenos
Elyvilon
Ru
Vehumet
The Shining One

Annotations:
D:8 Erica, Joseph


Innate Abilities, Weirdness & Mutations

You are too large for most types of armour.
You have claws for hands.
Your metabolism is lightning-fast.
You like to eat raw meat.
You heal very quickly.
You are covered in fur (AC +1).
You have very tough skin (AC +2).


Message History

A giant gecko comes into view.
You feel less confused.
You feel sick. Erica barely misses you.
You feel sick. You block the centaur's attack.
Erica hits you with a scimitar of flaming!
Erica burns you.
Drink which item? (? for menu, Esc to quit)
You feel very mighty all of a sudden. You block the centaur's attack.
The centaur hits you!
Erica hits you with a scimitar of flaming!
* * * LOW HITPOINT WARNING * * *
Erica burns you!
* * * LOW HITPOINT WARNING * * *
You claw the centaur!
The centaur is severely wounded.
You feel sick. The centaur closely misses you.
Erica hits you with a scimitar of flaming!
* * * LOW HITPOINT WARNING * * *
Erica burns you.
You die...

#(###.######## ## .^
#.###.# .# ...
####((##.# .#
!..####..(..##.# .###
#.#........)..# .#..
#.#.......!....##
.#.# ...............#
.#.#### #...@c.....##
.#.... ##.>(.@.......
....#
###...........##
.#.## #.....l.....###
...######.......##.##
##..........(...# ..#
#..............# #.#
#..######...........
....# #..##.?###.#.
..... ..........


You could see Erica, a centaur and a giant gecko.

Vanquished Creatures
  The ghost of radek the Destroyer, a journeyman DECj of Vehumet (D:8)
  A hippogriff (D:7)
  2 orc warriors (D:7)
  2 ogres (D:7)
  2 giant frogs
  3 centaurs
  A scorpion (D:7)
  A crimson imp (D:7)
  A giant frog zombie (D:6)
  2 hounds (D:4)
  2 orc priests (D:7)
  2 iguanas
  6 orc wizards
  5 worker ants
  A killer bee zombie (D:5)
  A worker ant zombie (D:8)
  8 adders
  6 gnolls
  3 shadow imps
  An ooze (D:1)
  2 worms
  An adder skeleton (D:4)
  5 giant geckos
  27 orcs
  5 bats
  4 giant cockroaches
  4 goblins
  5 hobgoblins
  3 quokkas
  4 giant newts
  4 jackals (D:6)
  11 kobolds
  A quokka zombie (D:8)
  11 rats
138 creatures vanquished.

Vanquished Creatures (others)
  A worker ant (D:8)
1 creature vanquished.

Grand Total: 139 creatures vanquished

Notes
Turn   | Place    | Note
--------------------------------------------------------------
     0 | D:1      | kosy22 the Troll Fighter began the quest for the Orb.
     0 | D:1      | Reached XP level 1. HP: 22/22 MP: 0/0
   174 | D:1      | Reached XP level 2. HP: 14/29 MP: 1/1
   643 | D:1      | You fall through a shaft!
   670 | D:2      | Reached XP level 3. HP: 34/36 MP: 2/2
  1125 | D:2      | Found a shadowy altar of Dithmenos.
  1215 | D:2      | Reached skill level 3 in Dodging
  1406 | D:2      | Found a white marble altar of Elyvilon.
  1425 | D:2      | Reached XP level 4. HP: 31/44 MP: 3/3
  1612 | D:2      | Became a worshipper of Elyvilon the Healer
  1933 | D:3      | Found a glowing golden altar of the Shining One.
  2379 | D:3      | Reached * piety under Elyvilon
  2386 | D:3      | Found a sacrificial altar of Ru.
  2386 | D:3      | Found a radiant altar of Vehumet.
  2980 | D:4      | Reached XP level 5. HP: 53/53 MP: 4/4
  3176 | D:4      | Noticed a giant frog
  3181 | D:4      | Killed a giant frog
  3194 | D:4      | Reached ** piety under Elyvilon
  3248 | D:4      | Reached XP level 6. HP: 55/61 MP: 5/5
  3493 | D:4      | Reached skill level 4 in Dodging
  3969 | D:5      | Entered Level 5 of the Dungeon
  3978 | D:5      | Found a staircase to the Ecumenical Temple.
  4918 | D:6      | Reached XP level 7. HP: 67/67 MP: 6/6
  5009 | D:6      | Found a shattered altar of Ashenzari.
  5137 | D:6      | Reached *** piety under Elyvilon
  5696 | D:7      | Reached skill level 5 in Dodging
  5857 | D:7      | Reached XP level 8. HP: 74/78 MP: 7/7
  5867 | D:7      | Reached skill level 1 in Throwing
  6676 | D:8      | Noticed radek's ghost (journeyman DECj)
  6707 | D:8      | Killed radek's ghost
  6707 | D:8      | Reached skill level 6 in Dodging
  6707 | D:8      | Reached skill level 5 in Shields
  6707 | D:8      | Reached skill level 5 in Unarmed Combat
  6707 | D:8      | Reached XP level 9. HP: 47/85 MP: 8/8
  6771 | D:8      | Noticed Joseph
  6781 | D:8      | Noticed Erica
  6957 | D:8      | HP: 2/85 [Erica/scimitar of flaming (7)]
  6957 | D:8      | Slain by Erica

Vault maps used:
D:1:      dpeg_arrival_more_subterranean_lakeside_camping
D:2:      elyvilon_altar_5, grunt_dithmenos_smoke_and_mirrors
D:3:      tso_metal_star, tgw_sif, amethyst_overflow_temple_binary,
          kennysheep_generic_room_9
D:4:      first_bread
D:5:      minmay_temple_entry_overgrown
D:6:      forest_paths, cheibrodos_ashenzari_chains, grunt_tough_drop
D:7:      grunt_ogre_cave
D:8:      uniq_erica, uniq_joseph

Action                   |  1- 3 |  4- 6 |  7- 9 || total
-------------------------+-------+-------+-------++-------
Melee: Unarmed           |   106 |   175 |   193 ||   474
Throw: Tomahawk          |       |     1 |    19 ||    20
Evoke: Wand              |       |     1 |       ||     1
  Use: Scroll            |     6 |     7 |     1 ||    14
       Potion            |     2 |     3 |     3 ||     8
  Eat: Bread ration      |     2 |       |     3 ||     5
       Meat ration       |     1 |     3 |     1 ||     5
       Chunk             |       |    16 |       ||    16
       Fruit             |       |     2 |       ||     2
